 Dungeon Crawl Stone Soup version 0.31-a0-217-g58bb5d79cf (webtiles) character file.

Game seed: 5226064795138555583

73 qw the Shooter (level 4, 0/23 HPs)
             Began as a Gargoyle Hexslinger on July 2, 2023.
             Slain by a gnoll
             ... wielding a +0 flail
              (6 damage)
             ... on level 4 of the Dungeon.
             The game lasted 00:00:47 (1881 turns).

qw the Shooter (Gargoyle Hexslinger)                Turns: 1881, Time: 00:00:47

Health: 0/23       AC:  9    Str: 11    XL:     4   Next: 27%
Magic:  5/5        EV: 10    Int: 14    God:
Gold:   774        SH:  0    Dex: 20    Spells: 4/5 levels left

rFire   . . .        Y - +1 sling
rCold   + . .        (no shield)
rNeg    + . .        e - +0 ring mail
rPois   inf          (no helmet)
rElec   +            (no cloak)
rCorr   .            (no gloves)
SInv    .            d - +0 pair of boots
Will    .....        (no amulet)
Stlth   +            j - +6 ring of dexterity
HPRegen 0.23/turn    (no ring)
MPRegen 0.09/turn

%: random rage (3%)
@: about to teleport
A: sickness immunity, AC +3, negative energy resistance 1, electricity
resistance, torment resistance 1, petrification resistance, berserk 1, cold
resistance 1, frail 1
a: no special abilities


You were on level 4 of the Dungeon.
You visited 1 branch of the dungeon, and saw 4 of its levels.

You collected 774 gold pieces.


Innate Abilities, Weirdness & Mutations

You are immune to sickness and miasma.
Your stone body is resilient. (AC +3)
You are immune to poison.
You resist negative energy. (rN+)
You are resistant to electric shocks. (rElec)
You are resistant to unholy torment.
You are immune to petrification.
You sometimes lose your temper in combat.
Your flesh is cold resistant. (rC+)
You are frail. (-10% HP)


   Skills:
 - Level 2.0 Fighting
 - Level 4.1 Ranged Weapons
 + Level 0.0 Armour
 - Level 1.5 Dodging
 - Level 1.0 Spellcasting
 - Level 2.6 Hexes


You had 4 spell levels left.
You knew the following spells:

 Your Spells              Type           Power      Damage    Failure   Level
a - Slow                  Hex            32%        N/A       22%         1

Your spell library contained the following spells:

 Spells                   Type           Power      Damage    Failure   Level
 Inner Flame              Hex/Fire       4%         N/A       73%         3
 Portal Projectile        Hex/Tloc       8%         N/A       73%         3
 Cause Fear               Hex            4%         N/A       91%         4

Inventory:

Hand Weapons
 Y - a +1 sling (weapon)
Armour
 d - a +0 pair of boots (worn)
 e - a +0 ring mail (worn)
Jewellery
 g - a ring of fire
 j - a +6 ring of dexterity (left hand)
 k - a ring of ice
Potions
 f - a potion of invisibility {unknown}
 h - a potion of curing {unknown}
 i - a potion of attraction {unknown}

Dungeon Overview and Level Annotations

Branches:
Dungeon (4/15)
 Temple: D:4-7

Altars:
Trog


Message History

Where to? (* - list waypoints, Enter - D:3, ? - help)
What level of the Dungeon? (default 1, ? - help)
There is a stone staircase leading down here.
You climb downwards.
You hear the sound of rushing water.
There is an entrance to a sewer on this level.
Hurry and find it before the portal rusts away!
Found a stone staircase leading up.
There is a stone staircase leading up here.
Waypoint 3 assigned to D:4.
1865 ||| PLANNING SEWER You open the door.
There is an open door here.
There is a shaft here.
A gnoll comes into view. It is wielding a +0 flail.
You shoot a sling bullet. The sling bullet hits the gnoll.
The gnoll is moderately wounded.
You shoot a sling bullet.
The sling bullet hits the gnoll but does no damage.
The gnoll is moderately wounded.
You shoot a sling bullet.
The sling bullet closely misses the gnoll.
You shoot a sling bullet.
The sling bullet hits the gnoll but does no damage.
The gnoll is moderately wounded.
You shoot a sling bullet.
The sling bullet hits the gnoll but does no damage.
The gnoll is moderately wounded.
The gnoll hits you with a +0 flail.
You shoot a sling bullet.
The sling bullet hits the gnoll but does no damage.
The gnoll is moderately wounded.
The gnoll hits you with a +0 flail. The gnoll closely misses you.
You shoot a sling bullet.
The sling bullet completely misses the gnoll.
The gnoll hits you with a +0 flail.
1881 ||| READING scroll of teleportation.
As you read the scroll of teleportation, it crumbles to dust.
You feel strangely unstable. The gnoll hits you with a +0 flail.
You die...

#......# #......#
#......# #......#
#...<..# #......#
#......#########..
#......#..........
+......'^.@g......
#......#..........
#..<...#......##..
#......########
#......# ........#
........#
........#


You could see a gnoll.

Vanquished Creatures
  An adder (D:2)
  A worm (D:3)
  A dart slug (D:1)
  9 ball pythons
  6 bats
  5 endoplasms
  3 giant cockroaches
  4 goblins
  3 hobgoblins
  3 jackals (D:1)
  2 quokkas (D:3)
  3 frilled lizards
  9 kobolds
  4 rats
54 creatures vanquished.

Notes
Turn   | Place    | Note
-------+----------+-------------------------------------------
     0 | D:1      | qw the Gargoyle Hexslinger began the quest for the Orb.
     0 | D:1      | Reached XP level 1. HP: 12/12 MP: 2/2
     0 | D:1      | 0 ||| qw: Version: 0.3-a-40-ge99b1a8
     0 | D:1      | 0 ||| qw: Game counter: 126
     0 | D:1      | 0 ||| qw: Melee chars always use a shield: true
     0 | D:1      | 0 ||| qw: God list: Okawaru
     0 | D:1      | 0 ||| qw: Allow faded altars: false
     0 | D:1      | 0 ||| qw: Do Orc after clearing Dungeon:15 true
     0 | D:1      | 0 ||| qw: Do second Lair branch before Depths: true
     0 | D:1      | 0 ||| qw: Lair rune preference: random
     0 | D:1      | 0 ||| qw: Goals: Normal
     0 | D:1      | 0 ||| PLANNING D:1-11
   262 | D:1      | Reached XP level 2. HP: 16/16 MP: 3/3
   329 | D:1      | Reached skill level 3 in Ranged Weapons
   514 | D:1      | Reached XP level 3. HP: 21/21 MP: 4/4
   820 | D:1      | 820 ||| UPGRADING to +0 pair of boots.
   825 | D:1      | 825 ||| UPGRADING to +6 ring of dexterity.
   826 | D:1      | 826 ||| READING 2 scrolls labelled KIHAID NEFFOAN.
   829 | D:1      | 829 ||| READING scroll labelled GYSTRU LIUCHAIW.
   930 | D:1      | 930 ||| DRINKING 2 bubbling inky potions.
   930 | D:1      | Gained mutation: You are agile. (Dex +4, Str/Int -1)
                  | [potion of mutation]
   930 | D:1      | Gained mutation: Your flesh is cold resistant. (rC+)
                  | [potion of mutation]
   930 | D:1      | Gained mutation: You are frail. (-10% HP) [potion of
                  | mutation]
   930 | D:1      | Gained mutation: You possess an exceptional clarity of
                  | mind. [potion of mutation]
   931 | D:1      | 931 ||| DRINKING potion of mutation.
   931 | D:1      | Lost mutation: You are agile. (Dex +4, Str/Int -1) [potion
                  | of mutation]
   931 | D:1      | Lost mutation: You possess an exceptional clarity of mind.
                  | [potion of mutation]
   931 | D:1      | Gained mutation: You sometimes lose your temper in combat.
                  | [potion of mutation]
   932 | D:1      | 932 ||| DROPPING scroll of poison.
  1409 | D:2      | 1409 ||| DROPPING +6 ring of intelligence.
  1410 | D:2      | 1410 ||| READING scroll labelled YMUAT GAJIXEE.
  1411 | D:2      | 1411 ||| READING scroll labelled ZUDOMNAPLI.
  1411 | D:2      | Identified a scroll of acquirement
  1411 | D:2      | 1411 ||| ACQUIRING 699 gold pieces
  1411 | D:2      | Acquired 699 gold pieces
  1413 | D:2      | 1413 ||| READING scroll labelled ROUHIT JUVIFOQ.
  1492 | D:3      | Reached XP level 4. HP: 23/23 MP: 5/5
  1548 | D:3      | Reached skill level 4 in Ranged Weapons
  1623 | D:3      | Found a bloodstained altar of Trog.
  1834 | D:3      | 1834 ||| UPGRADING to +0 ring mail.
  1844 | D:3      | 1844 ||| DROPPING +0 robe.
  1845 | D:3      | 1845 ||| READING scroll labelled ZOEMINW MALO.
  1846 | D:3      | 1846 ||| READING scroll labelled FERAGU UXIORHU.
  1865 | D:4      | 1865 ||| PLANNING SEWER
  1880 | D:4      | HP: 5/23 [gnoll/+0 flail (6)]
  1881 | D:4      | 1881 ||| READING scroll of teleportation.
  1881 | D:4      | Slain by a gnoll

Levels and vault maps discovered:
D:1:      heliophobic_arrival_henge, layout_loops_corners,
          dreamdust_princess_corridor, hangedman_abyss_or_decor_stabs
D:2:      layout_basic
D:3:      layout_rooms, trog_book
D:4:      kennysheep_the_goblin_king, layout_gridville, fedhas_ov_isle_minmay,
          cheibrodos_worm_habitat, cheibrodos_sewer_entry_drain

Skill      XL: |  1  2  3  4 |
---------------+-------------+-----
Ranged Weapons | 3 4 |  4.1
Fighting       | 2 |  2.0
Dodging        | |  1.5
Spellcasting   | |  1.0
Hexes          | |  2.6

Action                     |  1- 3 |  4- 6 || total
---------------------------+-------+-------++-------
   Fire: Sling             |   115 |    51 ||   166
    Use: Scroll            |     5 |     3 ||     8
         Potion            |     2 |       ||     2
 Armour: Robe              |    18 |     3 ||    21
  Dodge: Dodged            |    36 |    10 ||    46

Table legend:
 A = Non-vault XP
 B = Vault XP
 C = Vault XP percentage of total XP
 D = Non-vault monster count
 E = Vault monster count
 F = Vault count percentage of total count
                 A         B        C        D         E       F
            +---------+---------+-------+---------+---------+-------
      Total |     105 |       0 |   0.0 |      54 |       0 |   0.0
            +---------+---------+-------+---------+---------+-------
        D:1 |      45 |       0 |   0.0 |      25 |       0 |   0.0
        D:2 |      31 |       0 |   0.0 |      15 |       0 |   0.0
        D:3 |      29 |       0 |   0.0 |      14 |       0 |   0.0
            +---------+---------+-------+---------+---------+-------
